 Dungeon Crawl Stone Soup version 0.27-a0-1273-gec92ba881d (webtiles) character file.

Game seed: 8201798372536395975

28 mordus the Conjurer (level 3, 14/14 HPs)
             Began as a Felid Conjurer on June 11, 2021.
             Was an Initiate of Ashenzari.
             Quit the game on level 4 of the Dungeon.
             The game lasted 00:14:11 (3672 turns).

mordus the Conjurer (Felid Conjurer)                Turns: 3672, Time: 00:14:12

Health: 14/14      AC:  1    Str:  4    XL:     3   Next: 0%
Magic:  8/8        EV: 18    Int: 19    God:    Ashenzari [......]
Gold:   117        SH:  0    Dex: 20    Spells: 2/7 levels left
                                        Lives:  0   Deaths: 1

rFire    . . .     SeeInvis +   (weapon unavailable)
rCold    . . .     Faith    .   (shield unavailable)
rNeg     . . .     Spirit   .   (armour unavailable)
rPois    .         Reflect  .   (helmet unavailable)
rElec    .         Harm     .   (cloak unavailable)
rCorr    +         Rampage  .   (gloves unavailable)
Will     .....                  (boots unavailable)
Stlth    ++........             (no amulet)
HPRegen  0.04/turn              a - +6 ring of dexterity
MPRegen  0.11/turn              o - ring of resist corrosion

@: quick
A: very small, claws 1, fangs 3, see invisible, speed 1, shaggy fur 1, stealthy
paws, no weapons or thrown items, no armour, multi-lived
a: Renounce Religion


You were on level 4 of the Dungeon.
You worshipped Ashenzari.
Ashenzari was noncommittal.
You visited 1 branch of the dungeon, and saw 4 of its levels.

You collected 117 gold pieces.

Inventory:

Jewellery
 a - a +6 ring of dexterity (left paw)
 o - a ring of resist corrosion (right paw)
Scrolls
 d - a scroll of fog
 e - a scroll of summoning
 g - a scroll of brand weapon
 h - a scroll of enchant weapon
 i - a scroll of teleportation
 j - a scroll of immolation
 l - 2 scrolls of identify
 n - a scroll of fear
Potions
 b - 2 potions of curing
 c - a potion of brilliance
 f - a potion of cancellation
 k - a potion of invisibility
 m - 3 potions of flight


   Skills:
 - Level 2.6 Dodging
 - Level 2.6 Stealth
 + Level 2.7 Spellcasting
 * Level 4.5 Conjurations
 + Level 0.8 Summonings


You had 2 spell levels left.
You knew the following spells:

 Your Spells              Type           Power      Damage    Failure   Level
a - Magic Dart            Conj           80%        1d7       2%          1
b - Searing Ray           Conj           40%        3d4       3%          2
c - Call Imp              Summ           5%         N/A       17%         2

Your spell library contained the following spells:

 Spells                   Type           Power      Damage    Failure   Level
 Summon Small Mammal      Summ           20%        N/A       11%         1
 Dazzling Flash           Conj/Hex       22%        N/A       19%         3
 Call Canine Familiar     Summ           5%         N/A       32%         3
 Summon Guardian Golem    Hex/Summ       4%         N/A       36%         3
 Fulminant Prism          Conj/Hex       5%         3d7       52%         4
 Iskenderun's Mystic Bla  Conj/Tloc      11%        2d4       52%         4
 Summon Ice Beast         Ice/Summ       4%         N/A       78%         4
 Summon Lightning Spire   Summ/Air       4%         N/A       78%         4


Dungeon Overview and Level Annotations

Branches:
Dungeon (4/15)
 Temple: D:4-7

Altars:
Ashenzari
Cheibriados
Dithmenos
Gozag
Hepliaklqana
Kikubaaqudgha
Trog
The Shining One

Shops:
D:3 *

Annotations:
D:2 1 runed translucent door, Crazy Yiuf
D:4 Blork the orc


Innate Abilities, Weirdness & Mutations

You have sharp claws.
You have razor-sharp teeth.
You have supernaturally acute eyesight. (SInv)
You cover ground quickly. (Speed+)
You are covered in fur. (AC +1)
Your paws help you pounce on unaware monsters.
You are incapable of wielding weapons or throwing items.
You cannot wear armour.
You gain extra lives every three experience levels.


Message History

Aim: Blork the orc, wielding a +0 short sword and wearing a +0 robe (lightly wounded, 100% to hit)
The magic dart hits Blork the orc.
Blork the orc is moderately wounded.
Blork the orc gestures at you while chanting.
The puff of frost hits you!
Casting: Magic Dart (safe; 2% risk of failure)
Confirm with . or Enter, or press ? or * to list all spells.
Aiming: Searing Ray (safe; 3% risk of failure)
Press: ? - help, Shift-Dir - straight line, f/p - Blork the orc
Aim: Blork the orc, wielding a +0 short sword and wearing a +0 robe (moderately wounded, 81% to hit)
The searing ray hits Blork the orc.
Blork the orc is moderately wounded. (Press . to maintain the ray.)
The searing ray hits Blork the orc.
Blork the orc is heavily wounded.
The searing ray hits Blork the orc.
Blork the orc is severely wounded.
The searing ray hits Blork the orc.
Blork the orc is severely wounded.
You finish channeling your searing ray.
Blork the orc hits you with a +0 short sword!
Ouch! That really hurt!
* * * LOW HITPOINT WARNING * * *
Blork the orc casts a cantrip, but nothing happens.
Casting: Searing Ray (safe; 3% risk of failure)
Confirm with . or Enter, or press ? or * to list all spells.
Aiming: Searing Ray (safe; 3% risk of failure)
Press: ? - help, Shift-Dir - straight line, f/p - Blork the orc
Aim: Blork the orc, wielding a +0 short sword and wearing a +0 robe (severely wounded, 81% to hit)
The searing ray hits Blork the orc.
Blork the orc is almost dead. (Press . to maintain the ray.) Blork the orc casts a spell at you.
The magic dart hits you!
Ouch! That really hurt!
You die...
You are now level 3!
You rejoin the land of the living...
Char dumped successfully.
Are you sure you want to abandon this character and quit the game? (Confirm with "yes".)

. ##.#
#.#
...#
..#
#..#
......
#..#
...>..
#..#
###.##
#..# #
#..#
#.@#
#..#
#..#
#..#
#..#
#..#
...#
#.##


There were no monsters in sight!

Vanquished Creatures
  2 worms (D:2)
  3 dart slugs
  An orc (D:3)
  3 ball pythons
  5 endoplasms
  3 giant cockroaches
  8 goblins
  7 hobgoblins
  5 jackals
  2 quokkas
  A bat (D:3)
  3 frilled lizards
  2 kobolds
  4 rats
49 creatures vanquished.

Notes
Turn   | Place    | Note
-------+----------+-------------------------------------------
     0 | D:1      | mordus the Felid Conjurer began the quest for the Orb.
     0 | D:1      | Reached XP level 1. HP: 7/7 MP: 4/4
    27 | D:1      | Found a faded altar of an unknown god.
   387 | D:1      | Reached XP level 2. HP: 11/11 MP: 4/6
   485 | D:1      | Reached skill level 4 in Conjurations
  1415 | D:2      | Reached XP level 3. HP: 4/14 MP: 2/7
  1659 | D:2      | Learned a level 2 spell: Searing Ray
  1662 | D:2      | Learned a level 2 spell: Call Imp
  2008 | D:2      | Found a runed translucent door.
  2009 | D:2      | Noticed Crazy Yiuf
  2626 | D:3      | Found Xauczutz's Assorted Antiques.
  2681 | D:3      | Found a bloodstained altar of Trog.
  2683 | D:3      | Found a hazy altar of Hepliaklqana.
  2684 | D:3      | Found a snail-covered altar of Cheibriados.
  2684 | D:3      | Found an ancient bone altar of Kikubaaqudgha.
  2684 | D:3      | Found a glowing golden altar of the Shining One.
  2684 | D:3      | Found a broken altar of Ashenzari.
  2684 | D:3      | Found an opulent altar of Gozag.
  2686 | D:3      | Found a shadowy altar of Dithmenos.
  2694 | D:3      | Became a worshipper of Ashenzari the Shackled
  3559 | D:4      | Identified a scroll of acquirement
  3565 | D:4      | Acquired a ring of resist corrosion
  3610 | D:4      | Reached XP level 4. HP: 18/18 MP: 4/9
  3656 | D:4      | Noticed Blork the orc
  3671 | D:4      | Killed from afar by Blork the orc
  3672 | D:4      | Reached XP level 3. HP: -7/14 MP: 0/8
  3672 | D:4      | Quit the game

Illustrated notes

Levels and vault maps discovered:
D:1:      minmay_arrival_nine_rooms, layout_loops_cross,
          hellmonk_ecumenical_altar_run_dry, minmay_circled_x
D:2:      layout_basic, uniq_crazy_yiuf_cottage
D:3:      layout_basic, grunt_temple_overflow_open, serial_shops, shop
D:4:      layout_loops_ring, gammafunk_ghost_nasty_kobolds, uniq_blork_the_orc

Skill      XL: |  1  2 |
---------------+-------+-----
Conjurations   | 4 |  4.5
Dodging        | |  2.6
Stealth        | |  2.6
Spellcasting   | |  2.7
Summonings     | |  0.8

Action                   |  1- 3 |  4- 6 || total
-------------------------+-------+-------++-------
Melee: Unarmed           |    21 |       ||    21
       Bite              |     2 |       ||     2
 Cast: Magic Dart        |   115 |     3 ||   118
       Searing Ray       |     1 |     2 ||     3
  Use: Scroll            |     1 |       ||     1
Dodge: Dodged            |    17 |       ||    17

Table legend: (Time is in decaauts)
 A = Elapsed time spent in this place.
 B = Non-inter-level travel time spent in this place.
 C = Inter-level travel time spent in this place.
 D = Time resting spent in this place.
 E = Time spent auto-exploring this place.
 F = Levels seen in this place.
 G = Mean time per level.
                   A        B        C        D        E       F      G
               +--------+--------+--------+--------+--------+-----+--------+
         Total |   3236 |   3125 |    111 |    849 |   1912 |   4 |  809.0 |
       Dungeon |   3236 |   3125 |    111 |    849 |   1912 |   4 |  809.0 |
               +--------+--------+--------+--------+--------+-----+--------+

Top non-repeatable levels by time:
     D:2: 1411 daAuts
     D:1: 879 daAuts
     D:3: 840 daAuts
     D:4: 105 daAuts
